 Dungeon Crawl Stone Soup version 0.26-a0-491-g70697cc071 (webtiles) character file.

Game seed: 17990064527268776651

38 ANON1729 the Slasher (level 3, -1/33 HPs)
             Began as a Naga Gladiator on Aug 5, 2020.
             Slain by an adder (3 damage)
             ... on level 2 of the Dungeon.
             The game lasted 00:00:58 (1293 turns).

ANON1729 the Slasher (Naga Gladiator)               Turns: 1293, Time: 00:00:58

Health: -1/33      AC:  3    Str: 16    XL:     3   Next: 43%
Magic:  3/3        EV: 10    Int:  8    God:
Gold:   60         SH:  0    Dex: 13    Spells: 2/2 levels left

rFire    . . .     SeeInvis +   a - +0 long sword
rCold    . . .     Faith    .   (no shield)
rNeg     . . .     Spirit   .   b - +0 leather armour
rPois    +         Reflect  .   c - +0 helmet
rElec    .         Harm     .   (no cloak)
rCorr    .                      (no gloves)
MR       .....                  (no barding)
Stlth    +.........             (no amulet)
HPRegen  0.11/turn              (no ring)
MPRegen  0.08/turn              (no ring)

@: lethally poisoned (-1 -> -5), very slow
A: large, see invisible, deformed body, poison resistance, slowness 2, spit
poison 1, AC +1
a: Spit Poison


You were on level 2 of the Dungeon.
You visited 1 branch of the dungeon, and saw 2 of its levels.

You collected 60 gold pieces.

Inventory:

Hand Weapons
 a - a +0 long sword (weapon)
Missiles
 d - 3 throwing nets (quivered)
Armour
 b - a +0 leather armour (worn)
 c - a +0 helmet (worn)
Jewellery
 j - a +6 ring of intelligence {unknown}
Scrolls
 e - a scroll of fear {unknown}
 f - 2 scrolls of identify {unknown}
 g - 2 scrolls of teleportation {unknown}
 h - a scroll of remove curse {unknown}
 i - a scroll of amnesia {unknown}
Potions
 k - a potion of curing {unknown}


   Skills:
 + Level 2.5 Fighting
 + Level 3.4 Long Blades
 + Level 2.2 Throwing
 + Level 2.7 Dodging


You had 2 spell levels left.
You didn't know any spells.
Your spell library was empty.

Dungeon Overview and Level Annotations

Branches:
Dungeon (2/15)

Altars:


Innate Abilities, Weirdness & Mutations

You cannot wear boots.
Your serpentine skin is tough. (AC +1)
You have supernaturally acute eyesight. (SInv)
Armour fits poorly on your strangely shaped body.
Your system is resistant to poisons. (rPois)
You cover ground very slowly.
You can spit poison.


Message History

You are too injured to fight recklessly!
You are too injured to fight recklessly!
There are monsters nearby!
You slash the worm!
The worm is almost dead.
The adder bites you. The worm bites you!
* * * LOW HITPOINT WARNING * * *
The adder barely misses you.
You completely miss the worm.
The worm is severely wounded.
The adder bites you.
* * * LOW HITPOINT WARNING * * *
You are lethally poisoned!
The adder poisons you! The worm bites you.
* * * LOW HITPOINT WARNING * * *
You slash the worm!
You kill the worm!
* * * LOW HITPOINT WARNING * * *
You feel sick. The adder bites you.
You die...

##...>.......##.##
#....[.......#.†.##
#..##.....(....#..#
#..###...##..#....#
#..########..###..#
#....######..##...#
##....<......##...#
###.######.###...#.##
#.# #....@.....# #.#
#...S.......? #.#
#..........## #.#
##.##....### #.# #.
#....# #.# . .....#
#.# .# ###..# .. ..#


You could see an adder.

Vanquished Creatures
  An adder (D:2)
  An ooze (D:2)
  A worm (D:2)
  2 leopard geckos (D:1)
  A giant cockroach (D:1)
  5 hobgoblins (D:1)
  A bat (D:1)
  A frilled lizard (D:1)
  3 kobolds (D:1)
  5 rats (D:1)
21 creatures vanquished.

Notes
Turn   | Place    | Note
-------+----------+-------------------------------------------
     0 | D:1      | ANON1729 the Naga Gladiator began the quest for the Orb.
     0 | D:1      | Reached XP level 1. HP: 19/19 MP: 1/1
   290 | D:1      | Reached XP level 2. HP: 5/26 MP: 2/2
  1249 | D:2      | Reached XP level 3. HP: 29/33 MP: 3/3
  1293 | D:2      | Slain by an adder

Illustrated notes

Levels and vault maps discovered:
D:1:      lightli_arrival_chessboard, layout_loops_ring
D:2:      layout_loops_ring

Skill      XL: |  1  2 |
---------------+-------+-----
Throwing       | 2 |  2.2
Fighting       | |  2.5
Long Blades    | |  3.4
Dodging        | |  2.7

Action                   || total
-------------------------++-------
Melee: Long sword        ||    82
 Abil: Spit Poison       ||     1
Armor: Leather armour    ||    15
Dodge: Dodged            ||    50
       Rpst.: Long sword ||    16

Table legend: (Time is in decaauts)
 A = Elapsed time spent in this place.
 B = Non-inter-level travel time spent in this place.
 C = Inter-level travel time spent in this place.
 D = Time resting spent in this place.
 E = Time spent auto-exploring this place.
 F = Levels seen in this place.
 G = Mean time per level.
                   A        B        C        D        E       F      G
               +--------+--------+--------+--------+--------+-----+--------+
         Total |   1573 |   1510 |     63 |    543 |    785 |   2 |  786.5 |
       Dungeon |   1573 |   1510 |     63 |    543 |    785 |   2 |  786.5 |
               +--------+--------+--------+--------+--------+-----+--------+

Top non-repeatable levels by time:
     D:1: 1498 daAuts
     D:2: 75 daAuts
